 Dungeon Crawl Stone Soup version 0.22.1-1-ga44c0e5 (webtiles) character file.

127 rabbit the Chucker (level 4, 0/38 HPs)
             Began as a Minotaur Hunter on Aug 31, 2018.
             Slain by a kobold
             ... wielding a +0 club
              (4 damage)
             ... on level 3 of the Dungeon on Oct 4, 2018.
             The game lasted 00:19:38 (3217 turns).

rabbit the Chucker (Minotaur Hunter)                Turns: 3217, Time: 00:19:39

Health: 0/38       AC:  3    Str: 18    XL:     4   Next: 85%
Magic:  0/3        EV: 12    Int:  8    God:
Gold:   144        SH:  0    Dex: 10    Spells: 3/3 levels left

rFire    . . .     SeeInvis .   a - +0 short sword
rCold    . . .     Gourm    .   (no shield)
rNeg     . . .     Faith    .   b - +0 leather armour
rPois    .         Spirit   +   (helmet restricted)
rElec    .         Reflect  .   q - scarf {Spirit}
rCorr    .         Harm     .   (no gloves)
MR       .....                  (no boots)
Stlth    +.........             (no amulet)
HPRegen  0.12/turn              (no ring)
MPRegen  0.08/turn              (no ring)

@: no status effects
A: retaliatory headbutt, horns 2
a: no special abilities


You were on level 3 of the Dungeon.
You were very hungry.

You visited 1 branch of the dungeon, and saw 3 of its levels.

You collected 144 gold pieces.

Inventory:

Hand Weapons
 a - a +0 short sword (weapon)
 e - a +0 hand axe
Missiles
 c - 6 javelins (quivered)
 d - 2 throwing nets
Armour
 b - a +0 leather armour (worn)
 k - a +0 cloak
 l - a +0 leather armour
 o - +0 ice dragon scales
 q - a scarf of spirit shield (worn)
Jewellery
 y - an uncursed ring of stealth {unknown}
Scrolls
 h - a scroll of magic mapping {unknown}
 p - a scroll of amnesia {unknown}
 r - a scroll of remove curse {unknown}
 s - a scroll of blinking {unknown}
 w - a scroll of random uselessness {unknown}
 x - 2 scrolls of identify {unknown}
Potions
 g - a potion of brilliance {unknown}
 i - a potion of agility {unknown}
 j - a potion of degeneration {unknown}
 m - a potion of might {unknown}
 n - a potion of magic {unknown}
 t - a potion of cancellation {unknown}
 u - a potion of curing {unknown}
 v - 2 potions of lignification {unknown}
Comestibles
 f - 8 rations


   Skills:
 + Level 3.0 Fighting
 + Level 2.0 Short Blades
 * Level 4.9 Throwing
 * Level 2.4 Armour
 + Level 2.6 Dodging
 - Level 0.7 Stealth


You had 3 spell levels left.
You didn't know any spells.
Your spell library was empty.

Dungeon Overview and Level Annotations

Branches:
Dungeon (3/15)

Altars:


Innate Abilities, Weirdness & Mutations

You reflexively headbutt those who attack you in melee.
You have a pair of horns on your head.


Message History

* * * LOW HITPOINT WARNING * * *
You hit the kobold.
The kobold is severely wounded.
The kobold hits you with a club.
* * * LOW HITPOINT WARNING * * *
The kobold barely misses you. The big kobold barely misses you.
You furiously retaliate!
You headbutt the big kobold! You closely miss the kobold.
You headbutt the kobold.
You kill the kobold!
The kobold misses you.
The big kobold hits you with a short sword.
* * * LOW HITPOINT WARNING * * *
A kobold comes into view. It is wielding a club.
The kobold hits you but does no damage.
The big kobold hits you but does no damage.
The kobold shouts!
Items here: ( )) †† a club x2; 29 stones; a kobold corpse x2
You closely miss the kobold. The kobold hits you with a club.
You die...

### ##### ########
..# ....##
##....(.# ..#
.....###..(....#
..#
......#...(..((##K#
......#........(@.#
(.....'........KK.#
......#........)..#
......#........##+#
.....###.......#
....## ##......#
################
≈≈≈≈≈≈≈≈≈≈≈≈≈≈≈###
≈≈≈≈≈≈≈≈≈≈≈≈≈≈≈≈≈≈


You could see a big kobold and 2 kobolds.

Vanquished Creatures
  Jessica (D:2)
  5 adders
  A worm (D:3)
  2 leopard geckos
  2 ball pythons
  A giant cockroach (D:2)
  3 goblins (D:1)
  5 hobgoblins
  20 kobolds
  2 quokkas
  A bat (D:1)
  3 frilled lizards
  11 rats
57 creatures vanquished.

Notes
Turn   | Place    | Note
-------+----------+-------------------------------------------
     0 | D:1      | rabbit the Minotaur Hunter began the quest for the Orb.
     0 | D:1      | Reached XP level 1. HP: 18/18 MP: 0/0
   300 | D:1      | Reached XP level 2. HP: 25/25 MP: 1/1
  1134 | D:1      | Upgraded the game from 0.22.0-38-g04b72b8 to
                  | 0.22.1-1-ga44c0e5
  1484 | D:2      | Reached XP level 3. HP: 30/30 MP: 2/2
  1489 | D:2      | Reached skill level 1 in Armour
  2019 | D:2      | Noticed Jessica
  2028 | D:2      | Killed Jessica
  2028 | D:2      | Reached skill level 1 in Short Blades
  2028 | D:2      | Reached XP level 4. HP: 31/37 MP: 3/3
  3196 | D:3      | Noticed a big kobold
  3217 | D:3      | Slain by a kobold

Skill      XL: |  1  2  3  4 |
---------------+-------------+-----
Armour         | 1 2 |  2.4
Short Blades   | 1 2 |  2.0
Fighting       | 3 |  3.0
Throwing       | |  4.9
Dodging        | |  2.6
Stealth        | |  0.7

Action                   |  1- 3 |  4- 6 || total
-------------------------+-------+-------++-------
Melee: Short sword       |    65 |    75 ||   140
       Headbutt          |     8 |    12 ||    20
 Stab: Sleeping          |     2 |       ||     2
  Eat: Chunk             |     3 |     3 ||     6
Armor: Leather armour    |    13 |    21 ||    34
Dodge: Dodged            |    36 |    57 ||    93
